General information
- name: BNet
- type: Ladder team game (AT/RT)
- host: Battle.net
- saver: Chainer-
map: Goldshire
- players: 4
- length: 27:43
- speed: Fast
- version: 1.24 W3XP
- replay type: Public
» download(191 KB)
Players
team 1 (winner)
f.gall (
teal | 223 APM | 6181 actions | 27:41)
5 Demon Hunter
3 Mana Burn
2 Evasion
» actions
| Assign group hotkey | 44 | |
| Basic commands | 48 | |
| Build / train | 103 | |
| Enter build submenu | 25 | |
| Enter hero's abilities submenu | 6 | |
| Give item / drop item | 10 | |
| Right click | 2933 | |
| Select / deselect | 480 | |
| Select group hotkey | 2367 | |
| Use ability | 165 | |
6181 total
» units
» upgrades
| Ultravision | 1 | |
| Strength of the Moon | 1 | |
| Moon Armor | 2 | |
| Nature's Blessing | 1 | |
5 total
» buildings
| Altar of Elders | 1 | |
| Moon Well | 4 | |
| Ancient of War | 9 | |
| Hunter's Hall | 1 | |
| Ancient of Wonders | 1 | |
| Ancient Protector | 6 | |
| Tree of Life | 2 | |
| Tree of Ages | 2 | |
26 total
» build order
00:08 Altar of Elders
00:17 Moon Well
01:14 Ancient of War
01:56 Hunter's Hall
02:06 Ancient of War
02:22 Moon Well
02:55 Moon Well
03:04 Ancient of War
04:00 Moon Well
04:43 Ancient of Wonders
05:06 Ancient Protector
05:25 Ancient Protector
05:38 Ancient Protector
12:58 Tree of Life
15:15 Ancient Protector
15:17 Ancient Protector
17:44 Ancient of War
17:47 Ancient of War
17:51 Ancient of War
17:57 Ancient of War
18:01 Ancient of War
18:14 Ancient of War
18:39 Ancient Protector
24:06 Tree of Ages
24:43 Tree of Life
» items
| Moonstone | 2 | |
| Scroll of Town Portal | 4 | |
| Staff of Teleportation | 1 | |
| Potion of Lesser Invulnerability | 3 | |
| Scroll of Protection | 1 | |
| Scroll of Healing | 9 | |
| Dust of Appearance | 1 | |
21 total
Chainer- (
blue | 82 APM | 2278 actions | 27:43)
6 Death Knight
3 Death Coil
2 Unholy Aura
1 Animate Dead
5 Lich
3 Frost Nova
2 Dark Ritual
4 Crypt Lord
2 Impale
2 Spiked Carapace
» actions
| Assign group hotkey | 4 | |
| Basic commands | 95 | |
| Build / train | 83 | |
| Enter build submenu | 16 | |
| Enter hero's abilities submenu | 15 | |
| Give item / drop item | 1 | |
| Remove unit from queue | 2 | |
| Right click | 1224 | |
| Select / deselect | 565 | |
| Select group hotkey | 107 | |
| Use ability | 166 | |
2278 total
» units
| Acolyte | 2 | |
| Ghoul | 2 | |
| Crypt Fiend | 16 | |
| Obsidian Statue | 10 | |
| Meatwagon | 4 | |
| Abomination | 2 | |
36 total
» upgrades
| Creature Attack | 3 | |
| Burrow | 1 | |
| Destroyer Form | 1 | |
| Web | 1 | |
| Disease Cloud | 1 | |
| Unholy Armor | 1 | |
8 total
» buildings
| Crypt | 1 | |
| Graveyard | 1 | |
| Altar of Darkness | 1 | |
| Ziggurat | 8 | |
| Tomb of Relics | 1 | |
| Halls of the Dead | 1 | |
| Slaughterhouse | 1 | |
| Black Citadel | 1 | |
| Sacrificial Pit | 1 | |
| Boneyard | 1 | |
17 total
» build order
00:06 Crypt
00:08 Graveyard
00:29 Altar of Darkness
00:43 Ziggurat
01:15 Tomb of Relics
02:20 Ziggurat
04:01 Halls of the Dead
05:25 Ziggurat
06:28 Slaughterhouse
10:05 Ziggurat
10:06 Black Citadel
12:11 Ziggurat
14:19 Ziggurat
16:29 Ziggurat
23:24 Sacrificial Pit
24:36 Boneyard
25:32 Ziggurat
» items
| Rod of Necromancy | 3 | |
| Dust of Appearance | 1 | |
| Sacrificial Skull | 1 | |
| Potion of Healing | 3 | |
| Orb of Corruption | 1 | |
| Scroll of Healing | 3 | |
| Scroll of Town Portal | 2 | |
14 total
team 2 (loser)

»
Black_and_Big (
red | 97 APM | 2680 actions | 27:40)
5 Tauren Chieftain
2 Endurance Aura
3 War Stomp
4 Shadow Hunter
2 Hex
2 Healing Wave
2 Priestess of the Moon
1 Starfall
1 Searing Arrows
» actions
| Assign group hotkey | 74 | |
| Basic commands | 147 | |
| Build / train | 97 | |
| Enter build submenu | 19 | |
| Enter hero's abilities submenu | 11 | |
| Give item / drop item | 7 | |
| Right click | 948 | |
| Select / deselect | 531 | |
| Select group hotkey | 736 | |
| Use ability | 109 | |
2680 total
» units
| Peon | 9 | |
| Troll Headhunter/Berserker | 27 | |
| Troll Batrider | 5 | |
| Kodo Beast | 2 | |
| Wind Rider | 2 | |
| Druid of the Claw | 5 | |
| Mountain Giant | 1 | |
51 total
» upgrades
| Ranged Weapons | 2 | |
| Armor | 1 | |
| Troll Regeneration | 1 | |
| Berserker Upgrade | 1 | |
| Reinforced Defenses | 1 | |
| Mark of the Claw | 1 | |
| War Drums Damage Increase | 1 | |
8 total
» buildings
| Altar of Storms | 1 | |
| Orc Burrow | 6 | |
| War Mill | 1 | |
| Barracks | 2 | |
| Voodoo Lounge | 1 | |
| Stronghold | 1 | |
| Beastiary | 1 | |
| Watch Tower | 1 | |
| Fortress | 1 | |
| Moon Well | 2 | |
17 total
» build order
00:07 Altar of Storms
00:20 Orc Burrow
00:51 War Mill
01:19 Barracks
01:38 Orc Burrow
02:30 Barracks
03:04 Orc Burrow
04:11 Voodoo Lounge
05:08 Orc Burrow
07:09 Stronghold
08:05 Orc Burrow
11:32 Beastiary
12:38 Orc Burrow
16:53 Watch Tower
17:28 Fortress
24:41 Moon Well
24:43 Moon Well
» items
| Healing Salve | 6 | |
| Lesser Clarity Potion | 10 | |
| Scroll of Speed | 1 | |
| Scroll of Town Portal | 4 | |
| Potion of Healing | 1 | |
| Orb of Lightning | 1 | |
23 total
DukeNukem (
green | 90 APM | 1912 actions | 21:19)
5 Priestess of the Moon
3 Trueshot Aura
1 Scout
1 Searing Arrows
» actions
| Assign group hotkey | 112 | |
| Build / train | 80 | |
| ESC pressed | 1 | |
| Enter build submenu | 24 | |
| Enter hero's abilities submenu | 5 | |
| Give item / drop item | 2 | |
| Remove unit from queue | 1 | |
| Right click | 908 | |
| Select / deselect | 376 | |
| Select group hotkey | 359 | |
| Use ability | 44 | |
1912 total
» units
| Wisp | 28 | |
| Huntress | 14 | |
| Dryad | 15 | |
| Druid of the Claw | 1 | |
58 total
» upgrades
| Strength of the Wild | 1 | |
| Abolish Magic | 1 | |
| Druid of the Claw Training | 2 | |
4 total
» buildings
| Altar of Elders | 1 | |
| Moon Well | 6 | |
| Hunter's Hall | 1 | |
| Ancient of War | 2 | |
| Ancient of Wonders | 3 | |
| Tree of Ages | 1 | |
| Tree of Life | 3 | |
| Ancient of Lore | 3 | |
| Ancient Protector | 2 | |
| Tree of Eternity | 1 | |
23 total
» build order
00:08 Altar of Elders
00:19 Moon Well
01:39 Hunter's Hall
01:46 Ancient of War
02:04 Moon Well
02:28 Ancient of War
02:46 Moon Well
05:29 Ancient of Wonders
05:45 Ancient of Wonders
05:47 Tree of Ages
06:26 Moon Well
07:40 Tree of Life
08:19 Ancient of Lore
08:42 Tree of Life
08:47 Ancient of Lore
12:59 Ancient of Wonders
14:10 Ancient Protector
14:13 Ancient Protector
15:08 Moon Well
16:04 Tree of Eternity
16:56 Moon Well
17:33 Tree of Life
19:55 Ancient of Lore
» items
| Scroll of Healing | 3 | |
| Scroll of Town Portal | 2 | |
| Potion of Healing | 1 | |
| Scroll of Speed | 1 | |
| Potion of Lesser Invulnerability | 1 | |
8 total
Chat log
(00:13 / Allies) Chainer-: ty
(00:18 / Allies) f.gall: np
(00:20 / Allies) Chainer-: another 100 plz i give b in 5 secs
(00:28 / Allies) f.gall: dont have
(00:48 / Allies) Chainer-: ty
(00:52 / Allies) f.gall: np
(00:57 / Allies) Chainer-: you played alot of rt ;o
(00:59 / Allies) Chainer-: lvl41
(01:02 / Allies) f.gall: :D
(01:10 / Allies) Chainer-: dont u tire of the useless allies?
(01:17 / Allies) f.gall: orc
(01:19 / Allies) f.gall: mb
(01:20 / Allies) f.gall: mas
(01:21 / Allies) f.gall: tc
(01:24 / Allies) Chainer-: ah
(01:27 / Allies) Chainer-: thought it was fast tech
(01:31 / Allies) Chainer-: either way lets crush him with a push
(01:34 / Allies) f.gall: tc hh/ hunts
(01:38 / Allies) f.gall: u cc
(01:45 / Allies) Chainer-: can do
(01:49 / Allies) Chainer-: or i can come with aco and skull
(01:52 / Allies) Chainer-: and we tower push orc
(01:57 / Allies) f.gall: vs
(01:58 / Allies) f.gall: elf
(02:04 / Allies) f.gall: na
(02:08 / Allies) Chainer-: alright ill creep
(02:12 / Allies) f.gall: tc
(02:31 / Allies) Chainer-: dh eh
(02:43 / Allies) Chainer-: not a potm fan?
(02:48 / Allies) f.gall: n
(02:51 / Allies) Chainer-: ;)
(03:38 / Allies) Chainer-: gonan creep that
(03:40 / Allies) Chainer-: while they busy
(03:41 / Allies) f.gall: ye
(04:14 / Allies) Chainer-: urgg hunts
(04:26 / Allies) f.gall: they come
(05:08 / Allies) Chainer-: mind if i steal some moonjuice?
(05:11 / Allies) f.gall: ye
(05:13 / Allies) f.gall: take
(05:14 / Allies) Chainer-: i wont make more hunts vs that many hh
(05:48 / Allies) Chainer-: yay finally got a tome of gg
(05:53 / Allies) Chainer-: lvl3
(06:06 / Allies) f.gall: they come now
(06:08 / Allies) Chainer-: got any wood?
(06:36 / Allies) Chainer-: guess not ;o
(06:42 / Allies) f.gall: :D
(06:46 / Allies) Chainer-: damn thats alot of hh
(06:48 / Allies) Chainer-: ill get some wagons
(06:49 / Allies) f.gall: u lvl
(07:02 / Allies) f.gall: i try 2 kick exp
(07:06 / Allies) Chainer-: alright
(07:09 / Allies) Chainer-: sounds like a plan
(07:13 / Allies) Chainer-: already lvl3 tho
(07:17 / Allies) Chainer-: lvl4 dont make much differnce
(10:00 / Allies) Chainer-: n1
(10:18 / Allies) Chainer-: was a bit hard to tell if we were winning that lol
(10:22 / Allies) Chainer-: spreead over such a large area
(10:31 / Allies) Chainer-: lost only 1 fiend
(10:35 / Allies) f.gall: ^^
(11:31 / Allies) f.gall: b
(12:14 / Allies) Chainer-: got any more wood>?
(12:20 / Allies) Chainer-: ty
(13:20 / Allies) Chainer-: maybe u shoudlg et a panda 2nd
(13:23 / Allies) Chainer-: vs mass hh
(13:27 / Allies) f.gall: im tier 1
(13:30 / Allies) Chainer-: ah ok
(13:53 / Allies) Chainer-: urgg cloak
(14:04 / Allies) Chainer-: bats eh
(14:06 / Allies) Chainer-: getting web
(14:10 / Allies) f.gall: yee
(14:50 / Allies) Chainer-: god damn owl scouts
(14:55 / Allies) f.gall: ye
(16:37 / Allies) f.gall: b
(17:16 / Allies) Chainer-: lol
(17:24 / Allies) f.gall: w00d
(17:29 / Allies) Chainer-: got none ;s
(17:40 / Allies) Chainer-: need it to morph my dess
(17:43 / Allies) Chainer-: when we fight
(17:46 / Allies) Chainer-: lets go hit
(17:49 / Allies) Chainer-: im gonna be at 80
(17:51 / Allies) Chainer-: when i morph them
(17:52 / Allies) f.gall: b
(18:02 / Allies) Chainer-: why are u staying at tier1?
(18:07 / Allies) Chainer-: and massing aow?
(18:11 / Allies) f.gall: ye
(19:40 / All) Chainer-: 5 hp?
(19:58 / Allies) Chainer-: god damn he was lucky there lol
(21:13 / Allies) Chainer-: hmm wyvs
(21:17 / Allies) f.gall: u web
(21:19 / All) Chainer-: NOOO
(21:36 / Allies) Chainer-: b
(21:47 / Allies) f.gall: u have mass heal scolls
(21:52 / Allies) f.gall: come with lich
(22:06 / Allies) f.gall: b
(22:32 / Allies) Chainer-: tt
(22:48 / Allies) Chainer-: wanted to use potion
(22:49 / Allies) Chainer-: coil cl
(22:50 / Allies) Chainer-: then tp
(23:03 / Allies) f.gall: buy in
(23:10 / Allies) Chainer-: hes already halfway back
(23:40 / Allies) Chainer-: whats with the march of the ents ;o?
(24:17 / Allies) Chainer-: why dont u just mass bear or something lol
(24:21 / Allies) Chainer-: not that this isnt funny
(24:22 / Allies) f.gall: ^^
(24:25 / Allies) f.gall: :D
(24:41 / Allies) Chainer-: wood plz
(24:48 / Allies) Chainer-: crap
(24:50 / Allies) Chainer-: thats alot of bear
(24:57 / Allies) f.gall: aow stronger
(25:52 / All) Chainer-: lol peons vs aows
(26:51 / Allies) f.gall: stun
(27:39 / All) Black_and_Big: "gg"